 Dungeon Crawl Stone Soup version 0.27.1-33-g824d729ab1 (webtiles) character file.

Game seed: 6212461399479229348

124 pkoi the Ruffian (level 4, -14/38 HPs)
             Began as a Draconian Fighter on Nov 30, 2021.
             Killed from afar by Ijyb (23 damage)
             ... with a bolt of acid
             ... on level 3 of the Dungeon.
             The game lasted 00:03:32 (2798 turns).

pkoi the Ruffian (Draconian Fighter)                Turns: 2798, Time: 00:03:32

Health: -14/38     AC:  2    Str: 23 (24) XL:     4   Next: 81%
Magic:  4/4        EV: 10    Int:  9      God:
Gold:   39         SH:  9    Dex: 11      Spells: 3/3 levels left

rFire    . . .     SeeInvis .     - Unarmed
rCold    . . .     Faith    .   a - +0 kite shield
rNeg     . . .     Spirit   .   (armour unavailable)
rPois    .         Reflect  .   (helmet restricted)
rElec    .         Harm     .   (no cloak)
rCorr    .         Rampage  .   l - +0 pair of gloves
Will     .....                  (no boots)
Stlth    +.........             (no amulet)
HPRegen  0.12/turn              c - +6 ring of strength
MPRegen  0.09/turn              (no ring)

@: corroded
A: AC +5, unfitting armour, cold-blooded
a: no special abilities


You were on level 3 of the Dungeon.
You visited 1 branch of the dungeon, and saw 3 of its levels.

You collected 99 gold pieces.
You spent 60 gold pieces at shops.

Inventory:

Missiles
 m - 33 poisoned darts (quivered)
Armour
 a - a +0 kite shield (worn)
 l - a +0 pair of gloves (worn)
Jewellery
 c - a +6 ring of strength (left hand)
 d - a +6 ring of strength
Wands
 i - a wand of acid (8)
Scrolls
 f - a scroll of enchant weapon
 g - 2 scrolls of identify {unknown}
 h - a scroll of noise {unknown}
 j - a scroll of teleportation
Potions
 b - 2 potions of might
 e - 2 potions of heal wounds
 k - a potion of magic {unknown}


   Skills:
 - Level 3.2 Fighting
 - Level 2.6 Dodging
 + Level 3.1 Shields
 * Level 5.0 Unarmed Combat


You had 3 spell levels left.
You didn't know any spells.
Your spell library contained the following spells:

 Spells                   Type           Power      Damage    Failure   Level
 Foxfire                  Conj/Fire      0%         2x1d4     88%         1
 Conjure Flame            Conj/Fire      0%         6-21      99%         3
 Inner Flame              Hex/Fire       0%         N/A       99%         3


Dungeon Overview and Level Annotations

Branches:
Dungeon (3/15)

Altars:

Shops:
D:1 *   D:3 !

Annotations:
D:3 Ijyb


Innate Abilities, Weirdness & Mutations

Your plain brown scales are hard. (AC +5)
You cannot fit into any form of body armour.
You are cold-blooded and may be slowed by cold attacks.


Message History

There are monsters nearby!
There are monsters nearby!
Ijyb shouts!
You throw a poisoned dart.
The poisoned dart closely misses the kobold.
You block the kobold's attack.
You closely miss the kobold.
Your tail-slap misses the kobold.
The kobold hits you but does no damage.
You punch the kobold!
You kill the kobold!
You punch Ijyb!
Ijyb is moderately wounded.
Ijyb hits you with a +0 dagger.
You closely miss Ijyb.
Ijyb is moderately wounded.
You block Ijyb's attack.
You punch Ijyb!
Ijyb is severely wounded.
Ijyb zaps a wand.
The bolt of acid hits you! The acid corrodes you!
You are splashed with acid!
* * * LOW HITPOINT WARNING * * *
Ijyb hits you with a +0 dagger.
* * * LOW HITPOINT WARNING * * *
You hit Ijyb.
Your tail-slap misses Ijyb.
Ijyb is almost dead.
Ijyb hits you with a +0 dagger.
* * * LOW HITPOINT WARNING * * *
You closely miss Ijyb.
Your tail-slap misses Ijyb.
Ijyb is almost dead.
Ijyb hits you with a +0 dagger.
* * * LOW HITPOINT WARNING * * *
You hit Ijyb.
Your tail-slap misses Ijyb.
Ijyb is almost dead.
Ijyb hits you with a +0 dagger.
* * * LOW HITPOINT WARNING * * *
You hit Ijyb but do no damage.
Ijyb is almost dead.
Ijyb zaps a wand.
The bolt of acid hits you!!
Ouch! That really hurt!
You die...

####.###.######## #######.##
................ .>........
####.#.#.###################.##
#(#.#............# #.#
#.#.#########..#.# #.#
#.#......(#(.#)# #.#
#......(#.#..#.# #.#
###.###.#g#..#.# #.# #.#@#..#.#
#.# #.#.#..#.# #.#....#.######
#.###.#.........
#.###.##############
#.................
#.#.############## #.#......#
#.######.#########


You could see Ijyb.

Vanquished Creatures
  An orc priest (D:2)
  2 adders (D:2)
  An adder skeleton (D:2)
  A dart slug (D:1)
  9 orcs
  5 endoplasms
  4 giant cockroaches
  4 goblins
  3 hobgoblins
  A jackal (D:2)
  3 quokkas
  6 ball pythons
  4 bats
  4 frilled lizards
  6 kobolds
  6 rats
60 creatures vanquished.

Notes
Turn   | Place    | Note
-------+----------+-------------------------------------------
     0 | D:1      | pkoi the Draconian Fighter began the quest for the Orb.
     0 | D:1      | Reached XP level 1. HP: 19/19 MP: 1/1
    61 | D:1      | Found a faded altar of an unknown god.
   303 | D:1      | Reached XP level 2. HP: 26/26 MP: 2/2
   448 | D:1      | Reached skill level 3 in Unarmed Combat
   599 | D:1      | Found Pueponwe's General Store.
  1104 | D:2      | Reached XP level 3. HP: 31/31 MP: 3/3
  1298 | D:2      | Reached skill level 4 in Unarmed Combat
  1627 | D:2      | Reached XP level 4. HP: 28/38 MP: 4/4
  2463 | D:3      | Reached skill level 5 in Unarmed Combat
  2528 | D:3      | Found Kipom's Distillery.
  2531 | D:3      | Bought a potion of heal wounds for 60 gold pieces
  2782 | D:3      | Noticed Ijyb
  2798 | D:3      | Killed from afar by Ijyb

Illustrated notes

Levels and vault maps discovered:
D:1:      dpeg_arrival_tiny_b, layout_loops_ring,
          chequers_ecumenical_altar_simple_redux, serial_shops, shop
D:2:      layout_rooms, minmay_three_crescents
D:3:      layout_basic, serial_shops, nicolae_shop_behind_doors,
          minmay_statues_item, uniq_ijyb

Skill      XL: |  1  2  3  4 |
---------------+-------------+-----
Unarmed Combat | 3 4 5 |  5.0
Fighting       | |  3.2
Dodging        | |  2.6
Shields        | |  3.1

Action                   |  1- 3 |  4- 6 || total
-------------------------+-------+-------++-------
Melee: Unarmed           |   106 |    66 ||   172
       Tailslap          |    16 |     7 ||    23
       Punch             |       |     2 ||     2
Throw: Dart              |       |     4 ||     4
  Use: Scroll            |     4 |       ||     4
       Potion            |     1 |     2 ||     3
Armor: Skin              |    49 |    14 ||    63
Dodge: Dodged            |    99 |    22 ||   121
Block: Kite shield       |       |    10 ||    10
